 Dungeon Sprint DCSS version 0.21-a0-258-g4c0eb85 (webtiles) character file.

29365 minicreteconcrete the Eclecticist (level 13, -37/72 HPs)
             Began as a Deep Elf Enchanter on Sept 6, 2017.
             Was the Champion of Dithmenos.
             Killed from afar by a deep troll earth mage (54 damage)
             ... with a blast of metal fragments
             ... in the Dungeon (Sprint VII: "The Pits").
             The game lasted 00:49:32 (5467 turns).

minicreteconcrete the Eclecticist (DEEn)            Turns: 5467, Time: 00:49:33

Health: -37/72     AC:  6    Str:  5    XL:     13   Next: 14%
Magic:  21/39      EV: 19    Int: 24    God:    Dithmenos [******]
Gold:   55         SH:  0    Dex: 20    Spells: 29/53 levels left

rFire    . . .     SeeInvis .   b - staff of energy
rCold    . . .     Gourm    .   (no shield)
rNeg     . . .     Faith    .   p - +0 robe
rPois    .         Spirit   .   (no helmet)
rElec    .         Reflect  .   (no cloak)
rCorr    .         Harm     .   D - +0 pair of gloves
MR       +....     NoTele   +   (no boots)
Stlth    ++++++++++             (no amulet)
HPRegen  0.22/turn              i - +3 ring of protection
MPRegen  0.26/turn              y - +3 ring of dexterity

@: wreathed by umbra
A: no striking features
a: Shadow Step, Shadow Form, Renounce Religion


You were in the Dungeon.
You worshipped Dithmenos.
Dithmenos was exalted by your worship.
You were not hungry.

You visited 1 branch You collected 55 gold pieces.

Inventory:

Hand Weapons
 a - a +3 dagger of electrocution
 k - a +2 whip of distortion
 l - a +1 dagger
 m - a +2 falchion
 x - a +2 dagger
 B - a +2 rapier of distortion
Missiles
 o - 27 stones (quivered)
 w - 7 tomahawks
 I - 12 poisoned needles
Armour
 p - a +0 robe (worn)
 D - a +0 pair of gloves (worn)
 E - a +5 ring mail
Magical Staves
 b - an uncursed staff of energy (weapon)
Jewellery
 i - a +3 ring of protection (left hand)
 y - a +3 ring of dexterity (right hand)
 H - an uncursed ring of see invisible
 M - an uncursed ring of ice
 Q - an uncursed ring of resist corrosion
 R - an uncursed ring of stealth
Scrolls
 q - 4 scrolls of remove curse
 r - 5 scrolls of amnesia
 s - a scroll of summoning
 v - 2 scrolls of vulnerability
 G - 3 scrolls of fog
 J - 7 scrolls of enchant armour
 L - a scroll of fear
 N - a scroll of identify
Potions
 e - 7 potions of curing
 f - 2 potions of heal wounds
 g - 4 potions of haste
 h - 2 potions of magic
 n - 2 potions of invisibility
 z - 2 potions of berserk rage
 A - a potion of agility
 C - 3 potions of mutation
Books
 c - a book of Maledictions

   Spells                             Type                      Level
   a - Corona                         Hexes                        1
   b - Ensorcelled Hibernation        Hexes/Ice                    2
   c - Confuse                        Hexes                        3
   d - Tukima's Dance                 Hexes                        3
   e - Dazzling Spray                 Conjuration/Hexes            3
 F - a book of the Tempests

   Spells                             Type                      Level
   a - Static Discharge               Conjuration/Air              3
   b - Lightning Bolt                 Conjuration/Air              5
   c - Ignition                       Fire                         8
   d - Tornado                        Air                          9
   e - Shatter                        Earth                        9
 S - a book of Party Tricks

   Spells                             Type                      Level
   a - Summon Butterflies             Summoning                    1
   b - Apportation                    Translocation                1
   c - Lesser Beckoning               Translocation                3
   d - Tukima's Dance                 Hexes                        3
   e - Alistair's Intoxication        Transmutation/Poison         5
   f - Invisibility                   Hexes                        6
Miscellaneous
 j - a fan of gales (inert)
 P - a sack of spiders
Comestibles
 d - 5 bread rations
 t - 40 fruits
 u - 11 meat rations
 O - a royal jelly


   Skills:
 + Level 4.8 Fighting
 + Level 7.2 Short Blades
 + Level 0.4 Throwing
 - Level 2.7 Armour
 + Level 8.9 Dodging
 + Level 18.6 Stealth
 * Level 20.5 Spellcasting
 * Level 11.1 Conjurations
 + Level 18.5 Hexes
 * Level 2.8 Transmutations
 - Level 4.8 Ice Magic
 - Level 8.4 Air Magic
 * Level 3.0 Poison Magic
 * Level 13.1 Invocations
 + Level 6.7 Evocations


You had 29 spell levels left.
You knew the following spells:

 Your Spells              Type           Power        Failure   Level  Hunger
a - Corona                Hex            #######      0%          1    None
b - Ensorcelled Hibernat  Hex/Ice        ######       1%          2    None
c - Dazzling Spray        Conj/Hex       ######       0%          3    None
d - Confuse               Hex            #######.     0%          3    None
e - Tukima's Dance        Hex            #######.     0%          3    None
f - Lightning Bolt        Conj/Air       ######....   1%          5    None
g - Apportation           Tloc           ###...       1%          1    None
h - Summon Butterflies    Summ           ###.....     1%          1    None
i - Alistair's Intoxicat  Tmut/Pois      #####...     14%         5    None


Dungeon Overview and Level Annotations

Branches:
Dungeon (1/1)

Altars:
Ashenzari
Cheibriados
Dithmenos
Elyvilon
Fedhas
Gozag
Hepliaklqana
Kikubaaqudgha
Makhleb
Nemelex Xobeh
Okawaru
Qazlal
Ru
Sif Muna
Trog
Uskayaw
Vehumet
Wu Jian
Xom
Yredelemnul
Zin
The Shining One
Beogh
Jiyva
Lugonu


Message History

Nothing appears to happen.
The deep troll earth mage seems less confused.
You channel some magical energy.
You feel slightly more hungry.
The deep troll earth mage points at the orc knight and mumbles some strange words.
The metal wall shatters!
The blast of metal fragments hits you!
* * * LOW HITPOINT WARNING * * *
The vault guard hits the orc knight with an enchanted long sword.
Unknown command.
Casting: Confuse
Confirm with . or Enter, or press ? or * to list all spells.
The orc knight completely misses your butterfly.
The vault guard hits the yaktaur captain with an enchanted long sword!
Press: ? - help, v - describe, . - travel
Here: a deep troll earth mage (severely wounded, umbra)
The floor, spattered with blood.
Unknown command.
You swap places.
The metal wall shatters!
The blast of metal fragments hits you!
Ouch! That really hurt!
You die...

...')..........# ...''..........#
#..##[.#....#..# #..##..........+
#..##......)...+ #..####''####''#
#..####''####''##################
#..##......##...b.bb)op.Te.p§§...
#..##.#'##.##)bb@bbb)GcTe...§§§..
...##.#})+.##).##############e§##
...##.').#.##..# #.§§o..
#####.#..'.##.)# # #..T...
#####.'.)#.##..# .c. #c.oo..
#..##.##'#.##..# .Tpp###o.##
#..##......##).# TT....§o(..
'..##########..# ..T...§....
'..##########.)# .N####o§§.#


You could see a yaktaur captain, a vault guard (confused), an orc knight
(confused), an eye of devastation and a deep troll.

Vanquished Creatures
  Kirke (D)
  A nagaraja (D)
  A fire giant (D)
  An orc warlord (D)
  A green draconian (D)
  An apis (D)
  A deep elf death mage (D)
  A great orb of eyes (D)
  A spriggan air mage (D)
  2 alligator snapping turtles (D)
  A two-headed ogre (D)
  A soul eater (D)
  A sixfirhy (D)
  A shadow wraith (D)
  A deep troll (D)
  2 wizards (D)
  5 orc knights (D)
  2 deep elf magi (D)
  7 elephants (D)
  A manticore (D)
  An eye of devastation (D)
  A molten gargoyle (D)
  3 rust devils (D)
  A smoke demon (D)
  A black mamba (D)
  2 spiny frogs (D)
  A kobold demonologist (D)
  An efreet (D)
  3 ice devils (D)
  2 yaktaurs (D)
  A jumping spider (D)
  A guardian mummy (D)
  A wandering mushroom (D)
  A troll (D)
  2 merfolk (D)
  2 flying skulls (D)
  2 tarantellas (D)
  A redback (D)
  A wyvern (D)
  A fire elemental (D)
  A hungry ghost (D)
  3 basilisks (D)
  3 vampire mosquitoes (D)
  2 chaos spawn (D)
  A steam dragon (D)
  2 wargs (D)
  An acid dragon (D)
  A floating eye (D)
  A porcupine (D)
  2 orc warriors (D)
  A black bear (D)
  An eye of draining (D)
  A phantom (D)
  A necrophage (D)
  2 ogres (D)
  2 centaurs (D)
  2 big kobolds (D)
  A bullfrog (D)
  A gnoll sergeant (D)
  A small abomination (D)
  2 jellies (D)
  A hound (D)
  5 orc priests (D)
  An iguana (D)
  4 orc wizards (D)
  A hell rat (D)
  5 gnolls (D)
  A white imp (D)
  2 ufetubi (D)
  2 oozes (D)
  An adder zombie (D)
  An adder simulacrum (D)
  11 orcs (D)
  A ball python (D)
  A goblin (D)
  A hobgoblin (D)
  2 jackals (D)
  5 kobolds (D)
  A quokka (D)
  A ball python zombie (D)
  2 frilled lizards (D)
  A rat (D)
144 creatures vanquished.

Vanquished Creatures (collateral kills)
  An orc priest (D)
  A hell rat (D)
  An orc (D)
3 creatures vanquished.

Vanquished Creatures (others)
  6 dancing weapons (D)
6 creatures vanquished.

Grand Total: 153 creatures vanquished

Notes
Turn   | Place    | Note
-------+----------+-------------------------------------------
     0 | D        | minicreteconcrete the Deep Elf Enchanter began the quest for the Orb.
     0 | D        | Reached XP level 1. HP: 10/10 MP: 6/6
    11 | D        | Reached skill level 5 in Hexes
    11 | D        | Reached XP level 2. HP: 15/15 MP: 6/8
    41 | D        | Found a glowing golden altar of the Shining One.
    41 | D        | Found a glowing silver altar of Zin.
    41 | D        | Found a basalt altar of Yredelemnul.
    41 | D        | Found a shimmering altar of Xom.
    41 | D        | Found an ornate altar of the Wu Jian Council.
    41 | D        | Found a bloodstained altar of Trog.
    41 | D        | Found a deep blue altar of Sif Muna.
    41 | D        | Found a sacrificial altar of Ru.
    41 | D        | Found a stormy altar of Qazlal.
    41 | D        | Found an iron altar of Okawaru.
    41 | D        | Found a sparkling altar of Nemelex Xobeh.
    41 | D        | Found a burning altar of Makhleb.
    41 | D        | Found a viscous altar of Jiyva.
    41 | D        | Found a hazy altar of Hepliaklqana.
    41 | D        | Found an opulent altar of Gozag.
    41 | D        | Found a blossoming altar of Fedhas.
    41 | D        | Found a white marble altar of Elyvilon.
    41 | D        | Found a shadowy altar of Dithmenos.
    41 | D        | Found a snail-covered altar of Cheibriados.
    42 | D        | Found a radiant altar of Vehumet.
    42 | D        | Found a corrupted altar of Lugonu.
    42 | D        | Found a roughly hewn altar of Beogh.
    43 | D        | Found an ancient bone altar of Kikubaaqudgha.
    43 | D        | Found a hide-covered altar of Uskayaw.
    43 | D        | Found a shattered altar of Ashenzari.
    48 | D        | Became a worshipper of Dithmenos the Shadowed
    64 | D        | Learned a level 2 spell: Ensorcelled Hibernation
    68 | D        | Reached skill level 5 in Stealth
    71 | D        | Reached * piety under Dithmenos
    71 | D        | Reached skill level 4 in Spellcasting
   195 | D        | Reached ** piety under Dithmenos
   294 | D        | Reached XP level 3. HP: 19/19 MP: 10/10
   300 | D        | Learned a level 3 spell: Dazzling Spray
   304 | D        | Learned a level 3 spell: Confuse
   346 | D        | Noticed a necrophage
   347 | D        | Noticed a warg
   348 | D        | Noticed a warg
   358 | D        | Reached *** piety under Dithmenos
   368 | D        | Killed a warg
   368 | D        | Reached skill level 5 in Spellcasting
   368 | D        | Reached skill level 1 in Ice Magic
   368 | D        | Reached XP level 4. HP: 21/24 MP: 3/13
   411 | D        | Killed a necrophage
   411 | D        | Reached skill level 1 in Fighting
   411 | D        | Reached skill level 7 in Spellcasting
   411 | D        | Reached XP level 5. HP: 29/29 MP: 2/16
   415 | D        | Reached **** piety under Dithmenos
   445 | D        | Killed a warg
   445 | D        | Reached skill level 5 in Dodging
   445 | D        | Reached skill level 10 in Stealth
   445 | D        | Reached skill level 8 in Spellcasting
   445 | D        | Reached XP level 6. HP: 18/34 MP: 1/19
   615 | D        | Learned a level 3 spell: Tukima's Dance
   636 | D        | Reached ***** piety under Dithmenos
   719 | D        | Reached skill level 9 in Spellcasting
   719 | D        | Reached skill level 10 in Hexes
   748 | D        | Noticed a flying skull
   767 | D        | Killed a flying skull
   767 | D        | Reached XP level 7. HP: 39/40 MP: 17/22
   796 | D        | Noticed a two-headed ogre
   972 | D        | Killed a two-headed ogre
   972 | D        | Reached skill level 11 in Spellcasting
   972 | D        | Reached skill level 1 in Conjurations
  1271 | D        | Noticed a flying skull
  1271 | D        | Noticed an efreet
  1283 | D        | Reached XP level 8. HP: 32/45 MP: 16/25
  1342 | D        | Reached ****** piety under Dithmenos
  1445 | D        | Killed a flying skull
  1445 | D        | Reached skill level 1 in Armour
  1551 | D        | Killed an efreet
  1551 | D        | Reached skill level 12 in Spellcasting
  1551 | D        | Reached skill level 1 in Evocations
  1686 | D        | Noticed an elephant
  1687 | D        | Noticed a nagaraja
  1688 | D        | Noticed a deep elf mage
  1754 | D        | Killed a deep elf mage
  1819 | D        | Killed a nagaraja
  1819 | D        | Reached skill level 5 in Short Blades
  1819 | D        | Reached skill level 14 in Spellcasting
  1819 | D        | Reached XP level 9. HP: 35/50 MP: 2/29
  1950 | D        | Noticed a fire giant
  1951 | D        | Noticed a deep troll
  1951 | D        | Noticed a troll
  1951 | D        | Noticed an ice devil
  1956 | D        | Killed a fire giant
  1956 | D        | Reached skill level 5 in Conjurations
  1956 | D        | Reached XP level 10. HP: 24/56 MP: 23/30
  2170 | D        | Noticed an elephant
  2170 | D        | Killed an elephant
  2170 | D        | Reached skill level 15 in Spellcasting
  2170 | D        | Reached skill level 15 in Hexes
  2174 | D        | Noticed an elephant
  2176 | D        | Noticed an elephant
  2177 | D        | Noticed an elephant
  2179 | D        | Killed an elephant
  2181 | D        | Reached skill level 5 in Evocations
  2183 | D        | Noticed an elephant
  2186 | D        | Noticed an elephant
  2225 | D        | Killed an elephant
  2229 | D        | Killed an elephant
  2396 | D        | Killed an elephant
  2484 | D        | Noticed a molten gargoyle
  2502 | D        | Killed a deep troll
  2502 | D        | Reached skill level 16 in Spellcasting
  2502 | D        | Reached skill level 10 in Invocations
  2513 | D        | Killed a molten gargoyle
  2523 | D        | Killed an elephant
  2523 | D        | Reached XP level 11. HP: 34/60 MP: 11/33
  2672 | D        | Learned a level 5 spell: Lightning Bolt
  2696 | D        | Reached skill level 15 in Stealth
  2696 | D        | Reached skill level 1 in Air Magic
  2704 | D        | Noticed a wizard
  2704 | D        | Noticed a deep elf mage
  2714 | D        | Killed a deep elf mage
  2714 | D        | Reached skill level 17 in Spellcasting
  3021 | D        | Killed a shadow wraith
  3161 | D        | Killed a wizard
  3401 | D        | Noticed an apis
  3432 | D        | Killed an apis
  3432 | D        | Reached skill level 18 in Spellcasting
  3436 | D        | Reached skill level 5 in Air Magic
  3530 | D        | Noticed Kirke
  3656 | D        | Killed Kirke
  3656 | D        | Reached XP level 12. HP: 67/67 MP: 17/36
  3875 | D        | Noticed an alligator snapping turtle
  3942 | D        | Killed an alligator snapping turtle
  3982 | D        | Reached skill level 19 in Spellcasting
  4056 | D        | Noticed an alligator snapping turtle
  4056 | D        | Noticed a green draconian
  4056 | D        | Noticed a spriggan air mage
  4075 | D        | Killed a spriggan air mage
  4090 | D        | Killed a green draconian
  4117 | D        | Reached skill level 10 in Conjurations
  4619 | D        | Killed an alligator snapping turtle
  4893 | D        | Noticed a great orb of eyes
  4908 | D        | Killed a great orb of eyes
  4916 | D        | Reached skill level 20 in Spellcasting
  5049 | D        | Noticed a deep elf death mage
  5050 | D        | Noticed a vampire mage
  5050 | D        | Noticed a nagaraja
  5051 | D        | Killed a deep elf death mage
  5080 | D        | Learned a level 1 spell: Apportation
  5082 | D        | Learned a level 1 spell: Summon Butterflies
  5088 | D        | Learned a level 5 spell: Alistair's Intoxication
  5097 | D        | Noticed an orc warlord
  5097 | D        | Noticed an orc warlord
  5100 | D        | Noticed a yaktaur captain
  5100 | D        | Noticed a vault guard
  5100 | D        | Noticed a vault guard
  5100 | D        | Noticed a deep troll earth mage
  5101 | D        | Reached skill level 1 in Transmutations
  5101 | D        | Reached skill level 1 in Poison Magic
  5103 | D        | Noticed a vault guard
  5103 | D        | Noticed a vault guard
  5104 | D        | Noticed a naga warrior
  5136 | D        | Reached XP level 13. HP: 28/72 MP: 6/39
  5390 | D        | Killed an orc warlord
  5467 | D        | Killed from afar by a deep troll earth mage

Vault maps used:
D:        pitsprint

Skill      XL: |  1  2  3  4  5  6  7  8  9 10 11 12 13 |
---------------+----------------------------------------+-----
Stealth        | 4 5 7 9 10 11 12 13 14 16 18 | 18.6
Hexes          | 5 6 7 8 9 10 11 14 16 17 18 | 18.5
Dodging        | 3 4 5 6 7 8 |  8.9
Spellcasting   | 4 5 7 8 9 11 14 16 18 20 | 20.5
Short Blades   | 2 3 4 5 6 7 |  7.2
Ice Magic      | 1 2 3 4 |  4.8
Fighting       | 1 2 3 4 |  4.8
Conjurations   | 1 4 5 6 8 10 11 | 11.1
Armour         | 2 |  2.7
Invocations    | 6 8 10 11 12 13 | 13.1
Evocations     | 2 4 5 6 |  6.7
Air Magic      | 6 8 |  8.4
Transmutations | 1 2 |  2.8
Poison Magic   | 1 3 |  3.0
Throwing       | |  0.4

Action                   |  1- 3 |  4- 6 |  7- 9 | 10-12 | 13-15 || total
-------------------------+-------+-------+-------+-------+-------++-------
Melee: Dagger            |    14 |    27 |    20 |   169 |    10 ||   240
Throw: Stone             |       |       |     2 |       |       ||     2
 Cast: Ensorcelled Hiber |     6 |     3 |     8 |    56 |     6 ||    79
       Dazzling Spray    |     1 |     9 |    21 |    58 |     4 ||    93
       Confuse           |     1 |     6 |     3 |    37 |     5 ||    52
       Tukima's Dance    |       |     1 |     5 |     1 |       ||     7
       Lightning Bolt    |       |       |       |    10 |       ||    10
       Alistair's Intoxi |       |       |       |     1 |     2 ||     3
       Summon Butterflie |       |       |       |       |     2 ||     2
Invok: Shadow Step       |       |       |     1 |     3 |       ||     4
       Shadow Form       |       |       |       |     4 |       ||     4
 Abil: End Transformatio |       |       |       |     4 |       ||     4
Evoke: Staff of energy   |     1 |       |    15 |    18 |     6 ||    40
       Sack of spiders   |       |       |       |     1 |       ||     1
       Phantom mirror    |       |       |       |     1 |       ||     1
       Fan of gales      |       |       |       |       |     1 ||     1
  Use: Potion            |     2 |     7 |     2 |    10 |       ||    21
       Scroll            |       |       |       |     3 |       ||     3
 Stab: Sleeping          |     7 |     4 |     4 |    52 |     2 ||    69
       Confused          |       |     1 |     1 |    13 |     4 ||    19
       Invisible         |       |       |       |    10 |       ||    10
       Distracted        |       |       |       |     1 |       ||     1
  Eat: Chunk             |       |       |     3 |     3 |       ||     6
       Bread ration      |       |       |     1 |     2 |       ||     3
Armor: Robe              |     2 |     1 |       |     8 |       ||    11
Dodge: Dodged            |    18 |    19 |    17 |   121 |     1 ||   176

Table legend:
 A = Spawn XP
 B = Non-spawn XP
 C = Spawn XP percentage of total XP
 D = Spawn monster count
 E = Non-spawn monster count
 F = Spawn count percentage of total count
 G = Total turns spent on level
                    A         B        C        D         E        F      G
               +---------+---------+-------+---------+---------+-------+---------
         Total |       0 |   41950 |   0.0 |       0 |     147 |   0.0 |  5467
               +---------+---------+-------+---------+---------+-------+---------
             D |       0 |   41950 |   0.0 |       0 |     147 |   0.0 |  5467
               +---------+---------+-------+---------+---------+-------+---------
